Map: Ruins of Seras

Players

Seither

  • Race: Terran Terran
  • League: Master

Petraeus - Winner!

  • Race: Zerg Zerg
  • League: Grandmaster

VOD

Have the link to the VOD?

Description

Time

  • Played on: Dec. 13, 2015, 4:21 a.m.
  • Length: 8:53
Show
View Real Time Build Order
Export as new Build Order

Seither Terran 

Build Orders: Reaper Expand 

Get SALT Encoding   

  12  0:00  SCV  
  13  0:12  SCV  
  14  0:18  Supply Depot  
  14  0:25  SCV  
  15  0:39  SCV  
  15  0:41  Barracks  
  16  0:46  Refinery  
  16  0:51  SCV  
  17  1:03  SCV  
  18  1:15  SCV  
  19  1:29  Reaper, Orbital Command  
  20  1:42  Command Center  
  20  1:51  Supply Depot  
  20  1:55  SCV  
  21  2:02  Reaper  
  21  2:07  SCV, Refinery  
  23  2:19  SCV  
  24  2:24  Factory  
  24  2:31  SCV  
  25  2:41  Barracks Reactor  
  25  2:43  SCV  
  26  2:55  SCV, Orbital Command  
  27  3:07  SCV  
  29  3:20  SCV  
  29  3:25  Starport  
  29  3:26  SCV  
  30  3:31  Supply Depot  
  30  3:32  SCV, Barracks Reactor  
  30  3:33  Hellion x2  
  35  3:38  SCV  
  35  3:39  Supply Depot  
  35  3:44  SCV  
  35  3:50  Armory  
  35  3:51  SCV  
  35  3:55  Hellion x2  
  40  3:56  SCV  
  41  4:05  SCV  
  41  4:08  SCV  
  42  4:16  Medivac x2  
  46  4:17  SCV  
  46  4:18  Hellion x2  
  46  4:20  SCV, Barracks Tech Lab  
  52  4:24  Supply Depot  
  52  4:29  SCV  
  53  4:32  SCV  
  53  4:38  Bunker  
  54  4:39  Marine  
  54  4:40  Hellion x2  
  54  4:42  SCV  
  54  4:44  SCV  
  61  4:50  Supply Depot  
  61  4:54  SCV  
  61  4:56  SCV  
  63  5:06  SCV  
  64  5:08  SCV  
  64  5:12  Command Center  
  65  5:15  Barracks  
  65  5:16  Barracks Tech Lab, Barracks  
  65  5:18  SCV, Starport Reactor  
  65  5:20  SCV  
  67  5:24  Siege Tank  
  67  5:27  Refinery  
  70  5:30  SCV  
  70  5:31  Supply Depot  
  70  5:33  SCV  
  70  5:34  Marine  
  73  5:35  Stimpack  
  73  5:42  SCV  
  66  5:50  Engineering Bay, Liberator  
  66  5:52  Engineering Bay, Marine  
  69  6:04  SCV  
  69  6:05  SCV  
  69  6:06  Refinery, Marine x2  
  69  6:07  Marine x2  
  69  6:09  Thor  
  74  6:13  Marine  
  74  6:14  Liberator  
  74  6:17  Missile Turret  
  74  6:18  Missile Turret  
  75  6:20  Missile Turret  
  75  6:22  Missile Turret  
  75  6:24  Marine x2  
  77  6:29  Marine  
  77  6:32  Orbital Command  
  80  6:36  Marine  
  80  6:37  Marine  
  80  6:42  Terran Infantry Weapons Level 1, Marine  
  80  6:46  Missile Turret  
  81  6:56  Thor  
  81  6:58  SCV x2  
  81  6:59  Marine x4  
  93  7:09  Barracks  
  93  7:10  Barracks  
  93  7:13  Marine  
  93  7:15  SCV  
  95  7:16  Marine  
  95  7:19  Orbital Command  
  96  7:26  Marine x2  
  96  7:27  Marine  
  99  7:35  Marine x2  
  101  7:58  Barracks Reactor x2  
  101  7:59  Supply Depot x2, Refinery  
  101  8:00  Supply Depot  
  101  8:09  Supply Depot  
  101  8:14  SCV x2, Marine  
  101  8:15  SCV, Marine  
  101  8:16  Medivac, Marine x3  
  101  8:17  Medivac  
  88  8:27  SCV  
  88  8:32  Marine  
  88  8:33  Marine x3  
  88  8:34  Marine  
  78  8:36  SCV x2  
  78  8:37  Barracks  
  78  8:38  Barracks  
  78  8:39  Barracks  
  77  8:42  Refinery  
Show
View Real Time Build Order
Export as new Build Order

Petraeus Zerg - Winner!

Build Orders: Hatch First 

Get SALT Encoding   

  12  0:01  Drone  
  13  0:13  Overlord  
  13  0:18  Drone  
  14  0:32  Drone x2  
  16  0:36  Drone  
  17  0:53  Hatchery  
  17  0:56  Drone  
  17  0:59  Drone  
  18  1:13  Spawning Pool  
  18  1:14  Extractor  
  18  1:17  Drone  
  17  1:21  Drone  
  18  1:29  Drone  
  19  1:40  Overlord  
  19  1:50  Drone  
  20  2:00  Queen  
  22  2:02  Drone  
  22  2:04  Queen  
  22  2:05  Zergling x2  
  26  2:13  Drone  
  26  2:14  Metabolic Boost  
  27  2:16  Drone  
  28  2:23  Drone  
  28  2:29  Zergling x2  
  30  2:36  Drone  
  30  2:38  Extractor  
  30  2:42  Drone  
  31  2:45  Queen  
  31  2:47  Overlord  
  31  2:49  Drone  
  34  2:53  Lair  
  34  2:55  Extractor  
  34  2:56  Drone  
  34  3:03  Zergling x2  
  35  3:11  Zergling x2  
  37  3:12  Drone  
  37  3:16  Drone x3  
  37  3:19  Drone  
  41  3:20  Drone  
  41  3:25  Overlord  
  41  3:26  Drone  
  42  3:32  Drone  
  42  3:33  Drone  
  43  3:44  Drone, Extractor  
  43  3:45  Drone x3, Extractor  
  45  3:49  Drone  
  45  3:53  Spire  
  45  3:55  Drone x2  
  47  4:02  Drone  
  47  4:03  Drone  
  47  4:05  Zergling x2  
  47  4:08  Overlord  
  49  4:11  Drone  
  49  4:14  Drone  
  49  4:16  Spine Crawler  
  50  4:17  Zergling x2  
  50  4:19  Baneling Nest  
  50  4:23  Drone x2  
  52  4:26  Overlord  
  53  4:38  Drone, Queen  
  53  4:39  Drone  
  53  4:41  Zergling x4  
  53  4:43  Drone  
  59  4:48  Spore Crawler  
  58  5:00  Hatchery  
  55  5:07  Mutalisk  
  55  5:08  Mutalisk x2  
  55  5:09  Mutalisk  
  63  5:14  Mutalisk  
  63  5:18  Mutalisk  
  67  5:22  Zerg Flyer Weapons Level 1  
  67  5:24  Evolution Chamber  
  67  5:28  Roach Warren  
  65  5:31  Overlord  
  65  5:42  Drone  
  66  5:43  Drone  
  66  5:45  Drone x2  
  62  5:56  Drone x3  
  60  5:58  Drone x2  
  60  5:59  Drone  
  60  6:00  Drone x2  
  62  6:04  Drone x2  
  63  6:11  Zerg Missile Weapons Level 1, Glial Reconstitution  
  63  6:14  Drone  
  63  6:15  Drone  
  63  6:16  Drone  
  66  6:22  Overlord  
  66  6:31  Drone x4  
  70  6:34  Drone  
  70  6:37  Overlord  
  70  6:38  Overlord  
  70  6:43  Drone x2  
  70  6:44  Drone  
  70  6:45  Drone  
  74  6:47  Overlord  
  74  6:52  Overlord  
  74  6:57  Roach x2  
  78  7:03  Roach  
  78  7:04  Roach  
  82  7:09  Roach x2  
  82  7:10  Roach x4  
  82  7:13  Drone x2  
  96  7:19  Ravager, Roach x2  
  96  7:20  Ravager  
  96  7:22  Roach  
  104  7:24  Roach  
  104  7:32  Ravager x8  
  104  7:33  Roach x2  
  104  7:36  Roach x2  
  116  7:38  Roach  
  116  7:44  Overlord x3  
  118  7:45  Roach  
  118  7:48  Roach  
  122  7:54  Overlord x2  
  122  8:02  Roach  
  122  8:03  Roach x3  
  130  8:05  Overlord  
  130  8:07  Roach  
  130  8:11  Ravager  
  130  8:12  Ravager  
  134  8:18  Roach x4  
  127  8:20  Roach  
  127  8:23  Roach  
  127  8:26  Roach x2  
  124  8:30  Roach x2  
  125  8:38  Drone x6  
  125  8:39  Extractor  
  130  8:41  Extractor  
  133  8:52  Hatchery  
Tags
 
Add a new tag
Caveats
  • Supply blocks, unpowered buildings, or Contaminate may cause inaccurate times.
  • Supply counts are checked every 10 seconds.